 Dungeon Crawl Stone Soup version 0.29-a0-344-ge2f44be95a (webtiles) character file.

Game seed: 825540022240899616

51518 zishaf the Dancer (level 14, -2/77 HPs)
             Began as a Vine Stalker Brigand on Apr 21, 2022.
             Was a Follower of Uskayaw.
             Slain by a freezing wraith (8 damage)
             ... led by a death knight
             ... on level 11 of the Dungeon.
             The game lasted 00:39:59 (16575 turns).

zishaf the Dancer (Vine Stalker Brigand)           Turns: 16575, Time: 00:40:00

Health: -2/77      AC: 16    Str: 15    XL:     14   Next: 60%
Magic:  0/26       EV: 10    Int: 11    God:    Uskayaw [*.....]
Gold:   1431       SH: 18    Dex: 20    Spells: 13/13 levels left

rFire   . . .      SeeInvis +   B - +3 falchion (holy)
rCold   + . .      Faith    .   n - +0 tower shield
rNeg    + . .      Spirit   +   q - +2 scale mail {rC+}
rPois   +          Reflect  .   h - +1 helmet
rElec   +          Harm     .   c - +0 cloak
rCorr   .          Rampage  .   U - +0 pair of gloves
Will    +....                   u - +3 pair of boots of Hepliaklqana's Favour {Fly rElec rN+ SInv}
Stlth   +++.......              t - amulet of magic regeneration
HPRegen 1.02/turn               k - ring of poison resistance
MPRegen 0.60/turn               S - +4 ring of evasion

@: flying, slowed, studying Shields, very slow
A: fangs 3, regeneration 1, magic shield, antimagic bite, no potion heal 2
a: Renounce Religion, Stomp


You were on level 11 of the Dungeon.
You worshipped Uskayaw.
Uskayaw was pleased with you.
You visited 2 branches of the dungeon, and saw 17 of its levels.
You also visited: Ossuary.

You collected 1431 gold pieces.

Inventory:

Hand Weapons
 a - a +4 dagger of speed
 B - a +3 falchion of holy wrath (weapon)
 C - a +4 short sword of venom
 E - a +2 short sword of venom
Missiles
 d - 28 poisoned darts (quivered)
 e - 2 curare-tipped darts
 j - 5 atropa-tipped darts
 x - 7 datura-tipped darts
 R - a throwing net
Armour
 c - a +0 cloak (worn)
 h - a +1 helmet (worn)
 n - a +0 tower shield (worn)
 q - a +2 scale mail of cold resistance (worn)
 r - +2 ice dragon scales
 u - the +3 pair of boots of Hepliaklqana's Favour (worn) {Fly rElec rN+ SInv}
   (You acquired it on level 10 of the Dungeon)

   rElec:     It insulates you from electricity.
   rN:        It protects you from negative energy.
   SInv:      It lets you see invisible.
   Fly:       It grants you flight.
 K - a +2 ring mail of poison resistance
 N - a +2 scale mail of fire resistance
 O - the +2 pair of boots of Existentialism {-Tele rN+++ rCorr Dex-4}
   (You found it on level 10 of the Dungeon)

   Dex:       It affects your dexterity (-4).
   rN:        It renders you almost immune to negative energy.
   -Tele:     It prevents most forms of teleportation.
   rCorr:     It protects you from acid and corrosion.
 Q - the +3 leather armour "Gunomatz" {rElec rN+}
   (You found it on level 9 of the Dungeon)

   rElec:     It insulates you from electricity.
   rN:        It protects you from negative energy.
 U - a +0 pair of gloves (worn)
Jewellery
 k - a ring of poison resistance (left hand)
 t - an amulet of magic regeneration (around neck)
 w - a ring of resist corrosion
 P - the ring of Wuwali {Fly rC- rN+ rCorr Stlth+}
   (You found it on level 10 of the Dungeon)

   [ring of resist corrosion]

   rC:        It makes you vulnerable to cold.
   rN:        It protects you from negative energy.
   Fly:       It grants you flight.
   rCorr:     It protects you from acid and corrosion.
   Stlth:     It makes you more stealthy.
 S - a +4 ring of evasion (right hand)
Wands
 l - a wand of flame (41)
 y - a wand of iceblast (11)
 F - a wand of acid (19)
 G - a wand of digging (10)
 I - a wand of polymorph (10)
 V - a wand of paralysis (6)
Scrolls
 m - 5 scrolls of teleportation
 p - a scroll of brand weapon
 z - 4 scrolls of enchant weapon
 J - 4 scrolls of amnesia
 L - 3 scrolls of magic mapping
 M - 2 scrolls of enchant armour
 T - 3 scrolls of fog
 Y - 10 scrolls of identify
Potions
 b - 2 potions of invisibility
 f - 10 potions of curing
 g - 2 potions of mutation
 o - a potion of resistance
 s - 5 potions of attraction
 v - 3 potions of haste
 A - 2 potions of lignification
 D - 5 potions of might
 H - 2 potions of cancellation
 Z - 2 potions of brilliance
Miscellaneous
 i - a tin of tremorstones (1/2)
 X - a condenser vane


   Skills:
 + Level 10.8 Fighting
 - Level 10.0 Short Blades
 - Level 1.7 Throwing
 + Level 0.0 Armour
 + Level 0.7 Dodging
 - Level 8.0 Stealth
 + Level 11.6 Shields
 * Level 14.8 Invocations
 - Level 5.0 Evocations


You had 13 spell levels left.
You didn't know any spells.
Your spell library contained the following spells:

 Spells                   Type           Power      Damage    Failure   Level
 Foxfire                  Conj/Fire      0%         2x1d4     100%        1
 Sandblast                Erth           0%         2d4       100%        1
 Passwall                 Tmut/Erth      0%         N/A       100%        2
 Static Discharge         Conj/Air       0%         N/A       100%        2
 Conjure Flame            Conj/Fire      0%         6-21      100%        3
 Ignite Poison            Fire/Tmut/Pois 0%         N/A       100%        3
 Inner Flame              Hex/Fire       0%         N/A       100%        3
 Mephitic Cloud           Conj/Pois/Air  0%         N/A       100%        3
 Stone Arrow              Conj/Erth      0%         3d7       100%        3
 Dispel Undead            Necr           0%         3d6       100%        4
 Flame Wave               Conj/Fire      0%         2d4       100%        4
 Sticky Flame             Conj/Fire      0%         2d3       100%        4
 Freezing Cloud           Conj/Ice/Air   0%         6-21      100%        5
 Conjure Ball Lightning   Conj/Air       0%         3x3d6     100%        6
 Discord                  Hex            0%         N/A       100%        8
 Disjunction              Tloc           0%         N/A       100%        8


Dungeon Overview and Level Annotations

Branches:
Dungeon (12/15)            Temple (0/1) D:5            Lair (5/6) D:8
  Swamp (0/4) Lair:3       Spider (0/4) Lair:4        Slime (0/5) Lair:5
Ossuary (visited)
    Orc: D:9-12

Altars:
Makhleb
Nemelex Xobeh
Okawaru
Sif Muna
Uskayaw
Yredelemnul
Beogh

Shops:
D:8 =


Innate Abilities, Weirdness & Mutations

You have razor-sharp teeth.
Your natural rate of healing is unusually fast.
When hurt, damage is shared between your health and your magic reserves.
Your bite disrupts and absorbs the magic of your enemies.
Potions cannot restore your health.


Message History

The freezing wraith is heavily damaged.
The death knight hits you with a +0 great mace!!
The freezing wraith misses you. The freezing wraith barely misses you.
The death knight closely misses you. The freezing wraith barely misses you.
The freezing wraith hits you.
You can now pass through a line of other dancers.
You barely miss the freezing wraith. Your bite misses the freezing wraith.
The freezing wraith is heavily damaged.
You block the death knight's attack. You block the freezing wraith's attack.
The freezing wraith closely misses you.
The death knight hits you with a +0 great mace!
The freezing wraith hits you.
* * * LOW HITPOINT WARNING * * *
The freezing wraith freezes you. You resist.
* * * LOW HITPOINT WARNING * * *
The freezing wraith hits you!
* * * LOW HITPOINT WARNING * * *
The freezing wraith drains your vigour!
You feel as though you will be slow longer.
You hit the freezing wraith but do no damage.
The freezing wraith is heavily damaged.
You block the death knight's attack. The freezing wraith barely misses you.
The freezing wraith hits you but does no damage.
The death knight hits you with a +0 great mace!
* * * LOW HITPOINT WARNING * * *
You block the freezing wraith's attack. The freezing wraith barely misses you.
You can no longer pass through a line of other dancers.
Okay, then.
Okay, then.
Okay, then.
You hit the freezing wraith.
The freezing wraith convulses.
You bite the freezing wraith, but do no damage.
The freezing wraith is severely damaged.
The death knight's dark mirror aura disappears.
You block the death knight's attack. You block the freezing wraith's attack.
The freezing wraith completely misses you.
The death knight hits you with a +0 great mace.
* * * LOW HITPOINT WARNING * * *
The freezing wraith barely misses you. The freezing wraith hits you!
You die...

#####################'## ####
.........##............# #####...
.........#.............###.).'...
.......................'...###...
....=.....#............##### #...
.........##............# #...
...)..>..##............# #...
.........##....pW).....# #...
####.######.....@......# #...
###..# #####+######## ###' ....##
#..# ##.. ######### ##.# #..#
........#### ###'######## ###.##
...........# #..........####.....
.>.......#.###..........'.##.....
........................#.##.....
.......###.###..........#........


You could see a death knight and a freezing wraith.

Vanquished Creatures
  Gastronok (D:11)
  Snorg (Lair:4)
  Fannar (Lair:1)
  6 hydras
  Erica (D:8)
  The ghost of Laraso the Basher, a journeyman PaFi of Fedhas (D:10)
  A boulder beetle (D:11)
  A two-headed ogre (D:5)
  A centaur warrior (D:10)
  A death knight (D:9)
  7 death yaks
  Amaemon (Lair:3)
  A bog body (Lair:1)
  An obsidian statue (D:10)
  An orc knight (D:11)
  2 lindwurms (Lair:1)
  2 phantasmal warriors
  An oklob plant (Lair:5)
  5 manticores
  4 elephants
  An ugly thing (D:11)
  3 black mambas
  2 gargoyles (D:11)
  9 cane toads
  3 rime drakes
  Maggie (D:7)
  An orange demon (Lair:3)
  8 komodo dragons
  2 ice devils (Lair:1)
  A tyrant leech (Lair:3)
  3 polar bears
  Prince Ribbit (D:8)
  6 slime creatures
  A hornet (D:10)
  4 blink frogs
  A dream sheep (Lair:5)
  A culicivora (Lair:4)
  Sigmund (D:4)
  A shadow (D:10)
  3 wraiths (D:9)
  Eustachio (D:4)
  A vampire (D:11)
  53 yaks
  3 wyverns
  5 basilisks
  2 steam dragons
  Grum (D:8)
  Menkaure (D:7)
  2 swamp worms (Lair:3)
  Duvessa (D:7)
  13 water moccasins
  6 orc warriors
  2 sky beasts
  2 black bears
  11 wolves
  3 ogres
  A phantom (D:6)
  21 bullfrogs
  3 necrophages
  An elf zombie (D:8)
  2 scorpions
  2 elf skeletons (D:8)
  16 wights
  Dowan (D:7)
  4 killer bees
  An electric eel (D:8)
  A gnoll shaman (D:6)
  6 jellies
  6 hounds
  8 orc priests
  2 iguanas
  14 orc wizards
  A human skeleton (D:8)
  2 polar bear simulacra (Lair:1)
  8 mummies (Ossuary)
  Robin (D:4)
  10 adders
  5 gnolls (D:6)
  A shadow imp (D:6)
  4 white imps
  An ufetubus (D:6)
  4 worms
  A dart slug (D:3)
  40 orcs
  11 ball pythons
  2 bats
  12 endoplasms
  3 giant cockroaches
  A gnoll zombie (Ossuary)
  13 goblins
  13 hobgoblins
  7 jackals
  3 kobolds
  A quokka (D:1)
  3 frilled lizards
  A hobgoblin zombie (Ossuary)
  2 kobold zombies (Ossuary)
  2 orc skeletons (D:8)
  4 orc zombies (Ossuary)
  5 rats
  A spectral orc (D:5)
451 creatures vanquished.

Vanquished Creatures (collateral kills)
  A dream sheep (Lair:5)
  2 goblins (D:4)
  2 hobgoblins (D:4)
5 creatures vanquished.

Vanquished Creatures (others)
  Maurice (D:8)
  A cane toad (Lair:5)
  A rime drake (Lair:1)
  An orc wizard (D:10)
  31 fungi
  25 plants
60 creatures vanquished.

Grand Total: 516 creatures vanquished

Notes
Turn   | Place    | Note
-------+----------+-------------------------------------------
     0 | D:1      | zishaf the Vine Stalker Brigand began the quest for the
                  | Orb.
     0 | D:1      | Reached XP level 1. HP: 11/11 MP: 2/2
   178 | D:1      | Reached skill level 5 in Stealth
   211 | D:1      | Reached XP level 2. HP: 15/15 MP: 3/3
   747 | D:1      | Reached XP level 3. HP: 18/18 MP: 4/4
  1205 | D:2      | Gained mutation: Your natural rate of healing is unusually
                  | fast. [Vine Stalker growth]
  1205 | D:2      | Reached XP level 4. HP: 23/23 MP: 5/5
  1237 | D:2      | Reached skill level 1 in Shields
  1825 | D:3      | Reached XP level 5. HP: 26/27 MP: 6/6
  2237 | D:3      | Found a faded altar of an unknown god.
  2557 | D:4      | Reached XP level 6. HP: 32/32 MP: 7/7
  2609 | D:4      | Noticed Robin
  2623 | D:4      | Killed Robin
  2724 | D:4      | Noticed Eustachio
  2765 | D:4      | Killed Eustachio
  2766 | D:4      | Reached XP level 7. HP: 16/37 MP: 5/8
  2882 | D:4      | Noticed Sigmund
  2897 | D:4      | Killed Sigmund
  3018 | D:4      | Found a hide-covered altar of Uskayaw.
  3023 | D:4      | Became a worshipper of Uskayaw the Reveller
  3049 | D:4      | Reached * piety under Uskayaw
  3075 | D:4      | Found a shimmering blue altar of Sif Muna.
  3198 | D:4      | Reached ** piety under Uskayaw
  3205 | D:4      | Reached *** piety under Uskayaw
  3207 | D:4      | Reached **** piety under Uskayaw
  3219 | D:4      | Reached ***** piety under Uskayaw
  3220 | D:4      | Reached skill level 1 in Invocations
  3333 | D:5      | Entered Level 5 of the Dungeon
  3364 | D:5      | Gained mutation: You have razor-sharp teeth. [Vine Stalker
                  | growth]
  3364 | D:5      | Reached XP level 8. HP: 42/42 MP: 8/10
  3431 | D:5      | Found an iron altar of Okawaru.
  3447 | D:5      | Reached skill level 2 in Invocations
  3544 | D:5      | Found a sparkling altar of Nemelex Xobeh.
  3560 | D:5      | Found a staircase to the Ecumenical Temple.
  3627 | D:5      | Noticed a two-headed ogre
  3648 | D:5      | Killed a two-headed ogre
  3649 | D:5      | Reached skill level 5 in Fighting
  3649 | D:5      | Reached skill level 5 in Short Blades
  3649 | D:5      | Reached skill level 4 in Invocations
  3649 | D:5      | Reached XP level 9. HP: 28/47 MP: 7/13
  3794 | D:5      | Found a basalt altar of Yredelemnul.
  4256 | D:6      | Reached skill level 5 in Invocations
  4544 | D:6      | Reached skill level 5 in Shields
  4803 | D:7      | Noticed Duvessa
  4803 | D:7      | Noticed Dowan
  4834 | D:7      | Killed Duvessa
  4837 | D:7      | Killed Dowan
  4875 | D:7      | Reached skill level 6 in Invocations
  4928 | D:7      | Noticed Maggie
  4939 | D:7      | Killed Maggie
  4967 | D:7      | Reached XP level 10. HP: 52/53 MP: 15/15
  5124 | D:7      | Noticed Menkaure
  5131 | D:7      | Killed Menkaure
  5176 | D:7      | Reached skill level 7 in Invocations
  5547 | D:8      | Found Midil's Jewellery Shop.
  5572 | D:8      | Noticed Grum
  5605 | D:8      | Killed Grum
  5627 | D:8      | Found a burning altar of Makhleb.
  5750 | D:8      | Noticed Erica
  5819 | D:8      | Found a sand-covered staircase.
  5828 | Ossuary  | Entered an ossuary
  6051 | D:8      | Reached skill level 8 in Invocations
  6182 | D:8      | Found a staircase to the Lair.
  6182 | D:8      | Noticed Prince Ribbit
  6191 | D:8      | Killed Prince Ribbit
  6223 | D:8      | Killed Erica
  6356 | D:8      | Noticed Maurice
  6368 | D:8      | Killed Maurice
  6460 | D:8      | Reached XP level 11. HP: 58/58 MP: 18/18
  6932 | D:9      | Reached skill level 9 in Invocations
  7000 | D:9      | Identified the +3 leather armour "Gunomatz" {rElec rN+}
  7202 | D:9      | Noticed a manticore
  7204 | D:9      | Killed a manticore
  7334 | D:10     | Entered Level 10 of the Dungeon
  7346 | D:10     | Noticed a death knight
  7389 | D:9      | Killed a death knight
  7433 | D:10     | Noticed a phantasmal warrior
  7476 | D:9      | Killed a phantasmal warrior
  7577 | D:10     | Reached skill level 10 in Invocations
  7604 | D:10     | Reached ****** piety under Uskayaw
  7859 | D:10     | Identified a scroll of acquirement
  7860 | D:10     | Acquired the +3 pair of boots of Hepliaklqana's Favour {Fly
                  | rElec rN+ SInv}
  7877 | D:10     | Noticed an obsidian statue
  7924 | D:10     | Reached XP level 12. HP: 42/65 MP: 19/21
  8062 | D:10     | Found a runed translucent gate.
  8063 | D:10     | Found a runed translucent gate.
  8065 | D:10     | Found a runed translucent gate.
  8172 | D:10     | Reached skill level 11 in Invocations
  8177 | D:10     | Identified the +0 dagger of Ferebeid {vorpal, rF+}
  8286 | D:10     | Noticed a centaur warrior
  8296 | D:10     | Killed a centaur warrior
  8426 | D:10     | Noticed Laraso's ghost (journeyman PaFi)
  8655 | Lair:1   | Entered Level 1 of the Lair of Beasts
  8970 | Lair:1   | Noticed a death yak
  9055 | Lair:1   | Killed a death yak
  9102 | Lair:1   | Reached skill level 12 in Invocations
  9383 | Lair:1   | Noticed Fannar
  9442 | Lair:1   | Killed Fannar
  9850 | Lair:2   | Reached skill level 1 in Evocations
  9904 | Lair:2   | Reached XP level 13. HP: 70/70 MP: 23/23
 11191 | Lair:3   | Noticed Amaemon
 11203 | Lair:3   | Killed Amaemon
 11204 | Lair:3   | Reached skill level 13 in Invocations
 12104 | Lair:4   | Noticed Snorg
 12120 | Lair:4   | Killed Snorg
 12267 | Lair:4   | Found a hole to the Spider Nest.
 12288 | Lair:4   | Reached skill level 10 in Fighting
 12345 | Lair:4   | Reached skill level 10 in Shields
 12770 | Lair:4   | Reached skill level 10 in Short Blades
 13025 | Lair:5   | Reached XP level 14. HP: 54/77 MP: 18/25
 13171 | Lair:5   | Found a staircase to the Slime Pits.
 13373 | Lair:5   | Reached skill level 14 in Invocations
 14435 | D:10     | Killed Laraso's ghost
 14496 | D:10     | Identified the +2 pair of boots of Existentialism {-Tele
                  | rN+++ rCorr Dex-4}
 14581 | D:10     | Reached skill level 5 in Evocations
 14582 | D:10     | Identified the ring of Wuwali {Fly rC- rN+ rCorr Stlth+}
 14734 | D:11     | Noticed Gastronok
 14748 | D:11     | Killed Gastronok
 15508 | Lair:3   | Found a staircase to the Swamp.
 16575 | D:11     | Slain by a freezing wraith

Illustrated notes

Levels and vault maps discovered:
D:1:      heliophobic_arrival_ceremonial_halls, layout_loops_ring
D:2:      layout_loops_ring, dk_noncrumbling_2, minmay_ruptured
D:3:      layout_loops_cross, hellmonk_ecumenical_altar_slurped_away
D:4:      layout_basic, mainiacjoe_overflow_swirl, chequers_jeans, uniq_sigmund,
          uniq_eustachio, uniq_robin
D:5:      layout_basic, yredelemnul_forgotten_temple_becter,
          okawaru_ov_weapons_minmay, nemelex_xobeh_ov_fountains_minmay,
          minmay_temple_entry_arrows
D:6:      layout_gridville
D:7:      layout_basic, item_on_display_a, uniq_duvessa, uniq_maggie,
          uniq_menkaure
D:8:      layout_basic, mainiacjoe_overflow_alcove_4, dpeg_oklobed_lair,
          serial_shops, nicolae_take_the_stairs,
          nicolae_ossuary_entry_catacombs, serial_bayou_lagoon_a, uniq_grum,
          uniq_prince_ribbit1, uniq_maurice, uniq_erica
D:9:      layout_basic, minmay_holes
D:10:     minmay_cornered_nines, layout_cave_pools, biasface_ghost_orc_armoury,
          minmay_statue_bubble
D:11:     layout_roguey, minmay_checkerbox, uniq_gastronok
D:12:     layout_cave_pools, hiddenorc2_lemuel
Lair:1:   dreamdust_isle_of_ice, layout_loops_ring, nicolae_lair_lindhole,
          uniq_fannar
Lair:2:   layout_chaotic_city, grunt_megastairs_1
Lair:3:   layout_loops_ring, palyth_hydra_swamp_entry, uniq_amaemon
Lair:4:   layout_loops_ring, spider_nest_entry_rubble,
          infiniplex_staircase_pool, uniq_snorg
Lair:5:   layout_regular_city, nicolae_slime_entry_slimehenge, nzn_random_ring

Skill      XL: |  1  2  3  4  5  6  7  8  9 10 11 12 13 14 |
---------------+-------------------------------------------+-----
Fighting       | 2 3 4 5 6 7 8 9 10 | 10.8
Short Blades   | 2 3 4 5 6 7 8 9 10 | 10.0
Stealth        | 5 6 7 8 |  8.0
Shields        | 1 2 3 4 5 6 7 8 10 11 | 11.6
Invocations    | 1 4 6 8 10 12 13 14 | 14.8
Evocations     | 1 4 5 |  5.0
Throwing       | |  1.7
Dodging        | |  0.7

Action                   |  1- 3 |  4- 6 |  7- 9 | 10-12 | 13-15 || total
-------------------------+-------+-------+-------+-------+-------++-------
Melee: Dagger            |    65 |   202 |   211 |   669 |   839 ||  1986
       Bite              |    13 |    63 |    88 |   331 |   452 ||   947
       Short sword       |       |       |    31 |    75 |    68 ||   174
       Falchion          |       |       |       |    58 |    15 ||    73
Throw: Dart              |       |       |     6 |       |     8 ||    14
Invok: Stomp             |       |       |       |     5 |       ||     5
       Grand Finale      |       |       |       |     2 |     4 ||     6
Evoke: Condenser vane    |       |       |       |       |     1 ||     1
       Tin of tremorston |       |       |       |       |     2 ||     2
       Wand              |       |       |       |       |     1 ||     1
  Use: Scroll            |       |    11 |     1 |    14 |     4 ||    30
       Potion            |       |       |     1 |     1 |     1 ||     3
 Stab: Sleeping          |    10 |     7 |     7 |    10 |     5 ||    39
       Paralysed         |       |       |    12 |    39 |    30 ||    81
       Distracted        |       |       |     1 |       |     2 ||     3
       Confused          |       |       |       |       |     3 ||     3
Armor: Robe              |     2 |       |       |       |       ||     2
       Leather armour    |    17 |    53 |    11 |    33 |       ||   114
       Scale mail        |       |       |    54 |   155 |   185 ||   394
Dodge: Dodged            |    26 |    43 |    42 |   100 |   163 ||   374
Block: Tower shield      |     6 |   130 |   138 |   527 |   589 ||  1390

Table legend: (Time is in decaauts)
 A = Elapsed time spent in this place.
 B = Non-inter-level travel time spent in this place.
 C = Inter-level travel time spent in this place.
 D = Time resting spent in this place.
 E = Time spent auto-exploring this place.
 F = Levels seen in this place.
 G = Mean time per level.
                   A        B        C        D        E       F      G
               +--------+--------+--------+--------+--------+-----+--------+
         Total |  16261 |  15071 |   1190 |    678 |   9724 |  18 |  903.4 |
       Dungeon |  10475 |   9833 |    642 |    331 |   6409 |  12 |  872.9 |
          Lair |   5618 |   5070 |    548 |    347 |   3223 |   5 | 1123.6 |
       Ossuary |    167 |    167 |      0 |      0 |     92 |   1 |  167.0 |
               +--------+--------+--------+--------+--------+-----+--------+

Top non-repeatable levels by time:
    D:11: 1373 daAuts
    D:10: 1219 daAuts
  Lair:1: 1204 daAuts
  Lair:5: 1197 daAuts
     D:8: 1186 daAuts
  Lair:3: 1183 daAuts
  Lair:4: 1112 daAuts
     D:9: 987 daAuts
  Lair:2: 920 daAuts
     D:1: 895 daAuts
     D:3: 868 daAuts
     D:4: 843 daAuts
     D:6: 809 daAuts
     D:2: 795 daAuts
     D:7: 767 daAuts
